 Dungeon Crawl Stone Soup version 0.28-a0-1429-gf3d713df7a (webtiles) character file.

Game seed: 6083568190506705292

334 HallandMoats the Skirmisher (level 6, -25/72 HPs)
             Began as a Demonspawn Fighter on Jan 9, 2022.
             Killed from afar by Pikel (29 damage)
             ... with a bolt of acid
             ... on level 3 of the Dungeon.
             The game lasted 00:02:42 (2579 turns).

HallandMoats the Skirmisher (Demonspawn Fighter)    Turns: 2579, Time: 00:02:42

Health: -25/72     AC: 23    Str: 18    XL:     6   Next: 27%
Magic:  8/8        EV:  2    Int: 10    God:
Gold:   233        SH:  5    Dex: 12    Spells: 5/5 levels left

rFire   . . .      SeeInvis .   b - +2 demon whip (vamp)
rCold   . . .      Faith    .   c - +0 buckler
rNeg    . . .      Spirit   .   (armour currently unavailable)
rPois   +          Reflect  .   (helmet currently unavailable)
rElec   .          Harm     .   (cloak currently unavailable)
rCorr   .          Rampage  .   (gloves currently unavailable)
Will    .....      NoTele   +   (boots currently unavailable)
Stlth   +.........              n - amulet of regeneration
HPRegen 1.02/turn               (no ring)
MPRegen 0.11/turn               (no ring)

@: mighty, tree-form
A: stationary, stasis, torment immunity, boosted hp, powered by death 2, demonic
magic 1
a: no special abilities


You were on level 3 of the Dungeon.
You were a tree.
You visited 1 branch of the dungeon, and saw 4 of its levels.

You collected 233 gold pieces.

Inventory:

Hand Weapons
 a - a +0 war axe
 b - a +2 vampiric demon whip (weapon)
Armour
 c - a +0 buckler (worn)
 l - a +2 helmet (melded)
 m - a +0 scale mail (melded)
Jewellery
 n - an amulet of regeneration (around neck)
Scrolls
 e - 3 scrolls of holy word {unknown}
 f - 4 scrolls of identify {unknown}
 g - a scroll of immolation {unknown}
 h - 2 scrolls of magic mapping {unknown}
 p - a scroll of teleportation {unknown}
Potions
 i - a potion of flight {unknown}
 j - a potion of lignification
 k - 4 potions of heal wounds {unknown}
 o - a potion of cancellation {unknown}


   Skills:
 * Level 4.2 Fighting
 + Level 2.6 Axes
 + Level 3.2 Armour
 + Level 1.5 Dodging
 * Level 3.8 Shields
 * Level 3.6 Invocations


You had 5 spell levels left.
You didn't know any spells.
Your spell library was empty.

Dungeon Overview and Level Annotations

Branches:
Dungeon (4/15)
 Temple: D:4-7

Altars:
Wu Jian

Shops:
D:1 (

Annotations:
D:3 Pikel


Innate Abilities, Weirdness & Mutations

You are a tree.
Your roots penetrate the ground, keeping you stationary.
You cannot be teleported.
You are immune to unholy pain and torment.
Your maximum health is greatly increased.
Your equipment is partially melded.
You regenerate health from kills.
Spells you cast may paralyse adjacent enemies.


Message History

The giant cockroach waves its antennae.
There is a stone staircase leading up here.
Pikel hits you with a +2 whip of freezing.
Pikel freezes you.
You climb upwards.
There is a stone staircase leading down here.
Sorry, you're not good enough to have a special ability.
Unknown command.
You feel very mighty all of a sudden.
Pikel hits you with a +2 whip of freezing.
Pikel freezes you.
You whack Pikel!
Pikel is moderately wounded.
Pikel zaps a wand.
The bolt of acid misses you.
You thrash Pikel!!
Pikel is almost dead.
Pikel hits you with a +2 whip of freezing.
Pikel freezes you.
Pikel hits you with a +2 whip of freezing.
* * * LOW HITPOINT WARNING * * *
Pikel freezes you.
* * * LOW HITPOINT WARNING * * *
It was a potion of lignification.
You turn into a tree.
Your +2 helmet melds into your body.
Your +0 scale mail melds into your body.
Your roots penetrate the ground.
Pikel hits you with a +2 whip of freezing.
* * * LOW HITPOINT WARNING * * *
Pikel freezes you.
* * * LOW HITPOINT WARNING * * *
You barely miss Pikel.
Pikel is severely wounded.
Pikel hits you with a +2 whip of freezing.
* * * LOW HITPOINT WARNING * * *
Pikel freezes you.
* * * LOW HITPOINT WARNING * * *
You barely miss Pikel.
Pikel is severely wounded.
Pikel zaps a wand.
The bolt of acid hits you!!
You die...

#..........##.......# #<
#..........##.#####'#########
#........)[##.##..........# #
#........).##.##..........# #
#..........##.##.....[....# #
#.............##..........###
#...........................#
#######'#.....###............
#.#...♣.#.##...........
#.#...K.##.#..........#
######...###..##...........#
##≈≈≈####.###......##.......#
##..8..###.#.......#.##......#
#.......##.#.#.....##(#......#
#.......#..#.###.#..###.######
#.......#..#.....##.....#
#.####.....####.......###


You could see Pikel.

Vanquished Creatures
  An ogre (D:4)
  A vampire bat (D:3)
  A hound (D:2)
  6 adders
  3 gnolls (D:3)
  2 worms
  2 dart slugs
  7 orcs (D:3)
  7 endoplasms
  5 giant cockroaches
  5 goblins
  8 hobgoblins
  8 ball pythons
  17 bats
  3 frilled lizards
  3 kobolds
  8 rats
87 creatures vanquished.

Notes
Turn   | Place    | Note
-------+----------+-------------------------------------------
     0 | D:1      | HallandMoats the Demonspawn Fighter began the quest for the
                  | Orb.
     0 | D:1      | Reached XP level 1. HP: 18/18 MP: 1/1
   131 | D:1      | Gained mutation: You regenerate a little health from kills.
                  | [demonic ancestry]
   131 | D:1      | Reached XP level 2. HP: 14/24 MP: 2/2
   271 | D:1      | Reached skill level 1 in Invocations
   417 | D:1      | Found Qaroeroch's Weapon Shoppe.
   871 | D:1      | Gained mutation: Spells you cast may paralyse adjacent
                  | enemies. [demonic ancestry]
   871 | D:1      | Reached XP level 3. HP: 29/29 MP: 4/4
  1390 | D:2      | Gained mutation: You regenerate health from kills. [demonic
                  | ancestry]
  1390 | D:2      | Reached XP level 4. HP: 31/35 MP: 5/5
  1676 | D:2      | Reached skill level 1 in Dodging
  1752 | D:2      | Found a faded altar of an unknown god.
  1892 | D:3      | Reached XP level 5. HP: 42/42 MP: 5/7
  2112 | D:3      | Reached skill level 4 in Fighting
  2189 | D:3      | Found an ornate altar of the Wu Jian Council.
  2551 | D:4      | Noticed an ogre
  2559 | D:4      | Killed an ogre
  2560 | D:4      | Reached XP level 6. HP: 48/48 MP: 8/8
  2562 | D:4      | Noticed Pikel
  2578 | D:3      | HP: 3/72 [Pikel (1)]
  2579 | D:3      | Killed from afar by Pikel

Illustrated notes

Levels and vault maps discovered:
D:1:      erik_arrival_blinker_ship, layout_basic, serial_shops,
          nicolae_shop_bloodbath_and_beyond, minmay_crystal_room,
          minmay_misc_feat_hallway, minivault_4, palyth_stone_intersect,
          chequers_serial_rivers_micro_e, minmay_misc_feat_diagonals,
          nicolae_concentric_dashed_squares_wild, supply_closet_lemuel
D:2:      layout_loops_ring, chequers_ecumenical_altar_simple,
          minmay_joined_circles
D:3:      layout_basic, mainiacjoe_overflow_surrounded_room,
          chequers_serial_rivers_room_a, roderic_batcave,
          hangedman_decor_diamond_cutter, kennysheep_nub, minmay_bisected
D:4:      layout_rooms, kennysheep_mini, slow_altar_2, uniq_crazy_yiuf_cottage,
          uniq_pikel

Skill      XL: |  1  2  3  4  5 |
---------------+----------------+-----
Invocations    | 1 2 3 |  3.6
Axes           | 2 |  2.6
Shields        | 3 |  3.8
Armour         | 3 |  3.2
Dodging        | 1 |  1.5
Fighting       | 4 |  4.2

Action                   |  1- 3 |  4- 6 || total
-------------------------+-------+-------++-------
Melee: War axe           |    65 |       ||    65
       Demon whip        |    11 |   140 ||   151
  Use: Potion            |       |     2 ||     2
Armor: Scale mail        |    55 |    87 ||   142
Dodge: Dodged            |    33 |    96 ||   129
Block: Buckler           |    19 |    50 ||    69

Table legend: (Time is in decaauts)
 A = Elapsed time spent in this place.
 B = Non-inter-level travel time spent in this place.
 C = Inter-level travel time spent in this place.
 D = Time resting spent in this place.
 E = Time spent auto-exploring this place.
 F = Levels seen in this place.
 G = Mean time per level.
                   A        B        C        D        E       F      G
               +--------+--------+--------+--------+--------+-----+--------+
         Total |   2618 |   2464 |    154 |    100 |   1846 |   4 |  654.5 |
       Dungeon |   2618 |   2464 |    154 |    100 |   1846 |   4 |  654.5 |
               +--------+--------+--------+--------+--------+-----+--------+

Top non-repeatable levels by time:
     D:1: 1191 daAuts
     D:3: 714 daAuts
     D:2: 680 daAuts
     D:4: 33 daAuts
